 Dungeon Crawl Stone Soup version 0.24-a0-462-ge24419a6ad (webtiles) character file.

Game seed: 17931366297098978495

6143 Peloso the Carver (level 10, -6/91 HPs)
             Began as a Minotaur Fighter on July 1, 2019.
             Was a High Priest of Okawaru.
             Mangled by a two-headed ogre
             ... wielding a +0 dire flail
              (20 damage)
             ... on level 9 of the Dungeon.
             The game lasted 00:22:42 (8798 turns).

Peloso the Carver (Minotaur Fighter)                Turns: 8798, Time: 00:22:42

Health: -6/91      AC: 20    Str: 22    XL:     10   Next: 59%
Magic:  10/10      EV:  7    Int:  5    God:    Okawaru [*****.]
Gold:   1002       SH: 12    Dex: 12    Spells: 9/9 levels left

rFire    . . .     SeeInvis .   a - +0 long sword
rCold    . . .     Gourm    .   c - +0 shield
rNeg     . . .     Faith    .   q - +1 plate armour of the Kettle-Drum {rElec}
rPois    .         Spirit   .   x - +2 hat {MR+}
rElec    +         Reflect  .   (no cloak)
rCorr    .         Harm     .   (no gloves)
MR       ++...                  (no boots)
Stlth    ..........             K - amulet of the acrobat
HPRegen  0.25/turn              h - +3 ring of protection
MPRegen  0.12/turn              E - ring of protection from magic

@: no status effects
A: retaliatory headbutt, horns 2
a: Heroism, Finesse, Renounce Religion


You were on level 9 of the Dungeon.
You worshipped Okawaru.
Okawaru was extremely pleased with you.
You were not hungry.

You visited 1 branch of the dungeon, and saw 9 of its levels.
You also visited: Bailey.

You collected 1319 gold pieces.
You spent 317 gold pieces at shops.

Inventory:

Hand Weapons
 a - a +0 long sword (weapon)
 w - the +9 mace of Uqua {drain, SInv}
   (You found it on level 4 of the Dungeon)

   A truly terrible weapon, it drains the life of those it strikes.
   It lets you see invisible.
 O - the +0 hand crossbow of Madas {flame, Str+3}
   (You bought it in a shop on level 7 of the Dungeon)

   It causes projectiles fired from it to burn those they strike, causing extra
   injury to most foes and up to half again as much damage against particularly
   susceptible opponents.
   It affects your strength (+3).
 R - the +10 dark maul {crush}
   (You found it in a bailey)

   It inflicts extra damage upon your enemies.
Armour
 b - a +0 scale mail
 c - a +0 shield (worn)
 q - the +1 plate armour of the Kettle-Drum (worn) {rElec}
   (You found it on level 5 of the Dungeon)

   It insulates you from electricity.
 x - a +2 hat of magic resistance (worn)
 S - a +0 crystal plate armour
 V - a +1 hat of see invisible
Jewellery
 h - a +3 ring of protection (left hand)
 E - a ring of protection from magic (right hand)
 F - an uncursed ring of protection from magic
 H - an uncursed ring of poison resistance
 I - an uncursed amulet of rage
 J - an uncursed ring of magical power
 K - an amulet of the acrobat (around neck)
Wands
 r - a wand of digging (4)
 B - a wand of random effects (27)
 M - a wand of enslavement (7)
 N - a wand of iceblast (6)
 Q - a wand of acid (12)
Scrolls
 e - 4 scrolls of remove curse
 g - 8 scrolls of teleportation {unknown}
 j - 2 scrolls of fear
 k - 3 scrolls of amnesia {unknown}
 l - a scroll of identify
 n - 4 scrolls of enchant weapon
 v - 3 scrolls of fog {unknown}
 y - 2 scrolls of magic mapping {unknown}
 A - a scroll of enchant armour {unknown}
 D - a scroll of random uselessness {unknown}
 G - 3 scrolls of blinking {unknown}
 P - a scroll of brand weapon {unknown}
Potions
 d - 3 potions of might
 i - 5 potions of curing
 m - 2 potions of haste
 o - 2 potions of mutation
 p - a potion of agility
 s - 2 potions of cancellation
 t - a potion of brilliance
 u - a potion of magic
 z - a potion of flight
 C - 2 potions of berserk rage
 L - a potion of heal wounds {unknown}
Miscellaneous
 T - a lamp of fire
Comestibles
 f - 18 rations
 U - 5 chunks of flesh


   Skills:
 + Level 9.0 Fighting
 + Level 11.3 Long Blades
 + Level 9.8 Armour
 + Level 2.2 Dodging
 + Level 0.8 Stealth
 + Level 9.7 Shields
 + Level 1.3 Invocations


You had 9 spell levels left.
You didn't know any spells.
Your spell library was empty.

Dungeon Overview and Level Annotations

Branches:
Dungeon (9/15)             Temple (0/1) D:6             Orc (0/2) D:9
   Lair: D:8-11

Altars:
Cheibriados
Fedhas
Gozag
Kikubaaqudgha
Makhleb
Okawaru
Trog
Uskayaw
Vehumet
Wu Jian
Yredelemnul
Zin
The Shining One

Shops:
D:4 *   D:5 *   D:7 (

Annotations:
D:9 2 transporters, anet's ghost, novice SpWz


Innate Abilities, Weirdness & Mutations

You reflexively headbutt those who attack you in melee.
You have a pair of horns on your head.


Message History

The two-headed ogre hits you with a +0 dire flail!!
The two-headed ogre hits you with a +0 giant club!
You hit the two-headed ogre but do no damage.
You headbutt the two-headed ogre.
The two-headed ogre is severely wounded.
You block the two-headed ogre's attack.
The two-headed ogre hits you with a +0 giant club.
* * * LOW HITPOINT WARNING * * *
You slash the two-headed ogre!
The two-headed ogre is almost dead.
You hit the two-headed ogre but do no damage.
The two-headed ogre is almost dead.
You block the two-headed ogre's attack.
The two-headed ogre hits you with a +0 giant club!
* * * LOW HITPOINT WARNING * * *
You hit the two-headed ogre.
You headbutt the two-headed ogre, but do no damage.
The two-headed ogre is almost dead.
The two-headed ogre hits you with a +0 dire flail!!
You die...

#.<....# #..# #
######'## ##รท### #
#.......# #....#
#### ###.......#
#....#
...###.'.......#
#....#
...##.>#.......#
#....#
...##.##.......#
#....#######
...##.##.......####
#....'.....#
...##.##.......'@!#
#....#####..
...'..##.......##O#
#....# ###
.).#####.......# .#
#....# # ...#
#.......# .. #....#
...# #.......# ##.
+....# ...#
#.......# ###....#
...# #.......#
##### #### #######


You could see a two-headed ogre.

Vanquished Creatures
  Gastronok (D:9)
  A hippogriff (D:9)
  6 yaks (D:9)
  A wyvern (D:9)
  An orc warrior (D:9)
  A black bear (D:9)
  An ice beast (D:7)
  2 ogres
  2 sky beasts
  2 centaurs (D:9)
  A big kobold (D:9)
  4 bullfrogs
  Blork the orc (D:6)
  8 gnoll sergeants (Bailey)
  2 scorpions
  A water moccasin skeleton (D:5)
  2 jellies (D:9)
  3 crimson imps
  A bullfrog zombie (D:7)
  2 bullfrog skeletons
  5 hounds
  A centaur skeleton (D:9)
  6 gnoll shamans (Bailey)
  3 orc priests
  Jessica (D:2)
  An iguana (D:4)
  Natasha (thrice) (D:2)
  6 orc wizards
  7 worker ants
  A hound skeleton (D:4)
  A mummy (D:9)
  A howler monkey zombie (D:7)
  21 gnolls
  8 adders
  2 adder skeletons
  2 worms (D:3)
  A dart slug (D:1)
  2 leopard geckos
  25 orcs
  11 bats
  3 giant cockroaches
  12 goblins
  7 hobgoblins
  3 jackals (D:2)
  4 quokkas
  5 frilled lizards
  13 kobolds
  A quokka zombie (D:9)
  9 rats
208 creatures vanquished.

Notes
Turn   | Place    | Note
-------+----------+-------------------------------------------
     0 | D:1      | Peloso the Minotaur Fighter began the quest for the Orb.
     0 | D:1      | Reached XP level 1. HP: 19/19 MP: 0/0
    33 | D:1      | Reached XP level 2. HP: 13/27 MP: 1/1
   291 | D:1      | Reached XP level 3. HP: 33/33 MP: 2/2
   645 | D:2      | Reached skill level 3 in Long Blades
   674 | D:2      | Noticed Natasha
   678 | D:2      | Killed Natasha
   678 | D:2      | Reached XP level 4. HP: 7/40 MP: 3/3
   916 | D:2      | Noticed Natasha
   920 | D:2      | Killed Natasha
   986 | D:2      | Noticed Natasha
  1004 | D:2      | Killed Natasha
  1111 | D:2      | Reached XP level 5. HP: 44/46 MP: 4/4
  1316 | D:2      | Reached skill level 5 in Shields
  1377 | D:2      | Reached skill level 1 in Dodging
  1458 | D:2      | Noticed Jessica
  1482 | D:2      | Killed Jessica
  1704 | D:3      | Reached skill level 5 in Armour
  1726 | D:3      | Reached skill level 4 in Long Blades
  2016 | D:3      | Found an ornate altar of the Wu Jian Council.
  2304 | D:3      | Found a glowing silver altar of Zin.
  2343 | D:3      | Reached XP level 6. HP: 53/53 MP: 5/5
  2779 | D:4      | Found a radiant altar of Vehumet.
  2802 | D:4      | Found Ypaonoq's General Store.
  2810 | D:4      | Bought a scroll of enchant weapon for 75 gold pieces
  2810 | D:4      | Bought a potion of curing for 30 gold pieces
  2823 | D:4      | Reached skill level 5 in Fighting
  3018 | D:4      | Got a twisted mace
  3019 | D:4      | Identified the +9 mace of Uqua {drain, SInv} (You found it
                  | on level 4 of the Dungeon)
  3107 | D:4      | Found an iron altar of Okawaru.
  3116 | D:4      | Became a worshipper of Warmaster Okawaru
  3157 | D:5      | Entered Level 5 of the Dungeon
  3219 | D:5      | Reached skill level 5 in Long Blades
  3478 | D:5      | Noticed a +0 dagger
  3478 | D:5      | Noticed a +0 dagger
  3479 | D:5      | Found a hide-covered altar of Uskayaw.
  3528 | D:5      | Found Kuohuif's Assorted Antiques.
  3564 | D:5      | Reached XP level 7. HP: 60/62 MP: 6/6
  3660 | D:5      | Reached * piety under Okawaru
  3683 | D:5      | Got a spiked plate armour
  3689 | D:5      | Identified the cursed +1 plate armour of the Kettle-Drum
                  | {rElec} (You found it on level 5 of the Dungeon)
  3816 | D:5      | Found a burning altar of Makhleb.
  4329 | D:6      | Reached skill level 6 in Long Blades
  4443 | D:6      | Found a staircase to the Ecumenical Temple.
  4578 | D:6      | Noticed Blork the orc
  4587 | D:6      | Killed Blork the orc
  4997 | D:7      | Reached ** piety under Okawaru
  4997 | D:7      | Reached XP level 8. HP: 35/70 MP: 7/7
  5047 | D:7      | Found Xemiumon's Antique Weapon Boutique.
  5076 | D:7      | Bought a shimmering hand crossbow for 212 gold pieces
  5078 | D:7      | Identified the cursed +0 hand crossbow of Madas {flame,
                  | Str+3} (You bought it in a shop on level 7 of the Dungeon)
  5139 | D:7      | Reached skill level 7 in Long Blades
  5193 | D:7      | Found a glowing golden altar of the Shining One.
  5195 | D:7      | Found an opulent altar of Gozag.
  5198 | D:7      | Found a basalt altar of Yredelemnul.
  5897 | D:8      | Reached skill level 8 in Long Blades
  5992 | D:9      | Found a snail-covered altar of Cheibriados.
  6048 | D:9      | Found a flagged portal.
  6105 | Bailey   | Entered a bailey
  6114 | Bailey   | Reached *** piety under Okawaru
  6219 | Bailey   | Reached XP level 9. HP: 41/78 MP: 5/8
  6717 | Bailey   | Reached skill level 9 in Long Blades
  6742 | Bailey   | Found the +10 dark maul {crush}
  7328 | D:9      | Found an ancient bone altar of Kikubaaqudgha.
  7330 | D:9      | Found a blossoming altar of Fedhas.
  7582 | D:9      | Found a staircase to the Orcish Mines.
  7656 | D:9      | Noticed Gastronok
  7701 | D:9      | Killed Gastronok
  7701 | D:9      | Reached **** piety under Okawaru
  7701 | D:9      | Reached skill level 10 in Long Blades
  7701 | D:9      | Reached skill level 1 in Invocations
  7701 | D:9      | Reached XP level 10. HP: 21/88 MP: 6/9
  8101 | D:9      | Found a bloodstained altar of Trog.
  8177 | D:9      | Noticed a two-headed ogre
  8178 | D:9      | Found a transporter.
  8178 | D:9      | Noticed anet's ghost (novice SpWz)
  8178 | D:9      | Noticed a two-headed ogre
  8179 | D:9      | Noticed a two-headed ogre
  8180 | D:9      | Found a transporter.
  8218 | D:9      | Reached skill level 11 in Long Blades
  8242 | D:9      | Reached ***** piety under Okawaru
  8725 | D:9      | Received a gift from Okawaru
  8789 | D:9      | Noticed a two-headed ogre
  8798 | D:9      | Mangled by a two-headed ogre

Levels and vault maps discovered:
D:1:      matt_arrival_grand_opening, layout_basic
D:2:      layout_basic, first_ration, uniq_natasha, uniq_jessica
D:3:      layout_loops_corners, marbit_many_paths, zin_statuary
D:4:      layout_rooms, old_standard_altar, kennysheep_okawaru_gauntlet,
          serial_shops, shop
D:5:      layout_loops_corners, bloody_makhleb, dancing_weapons_uskayaw,
          serial_shops, shop
D:6:      layout_basic, minmay_temple_entry_glass, uniq_blork_the_orc
D:7:      layout_cave_pods, grunt_temple_overflow_open, serial_shops, shop
D:8:      layout_layer_cave, kennysheep_generic_room_9
D:9:      layout_roguey, grunt_temple_overflow_growth_and_decay, slow_altar_1,
          lemuel_round_altar, orc_0_dummy, lightli_bailey_entry_fortress,
          gammafunk_ghost_smash, uniq_gastronok

Skill      XL: |  1  2  3  4  5  6  7  8  9 10 |
---------------+-------------------------------+-----
Armour         | 4 5 6 7 8 9 |  9.8
Fighting       | 4 5 6 8 9 |  9.0
Shields        | 4 5 6 7 9 |  9.7
Long Blades    | 3 4 5 6 8 10 11 | 11.3
Dodging        | 1 2 |  2.2
Invocations    | 1 |  1.3
Stealth        | |  0.8

Action                   |  1- 3 |  4- 6 |  7- 9 | 10-12 || total
-------------------------+-------+-------+-------+-------++-------
Melee: Long sword        |    76 |   198 |   456 |    83 ||   813
       Headbutt          |    10 |    32 |   107 |    26 ||   175
       Mace              |       |     2 |       |       ||     2
Invok: Heroism           |       |       |    10 |     1 ||    11
  Use: Scroll            |       |     2 |     9 |       ||    11
       Potion            |       |       |     2 |       ||     2
  Eat: Chunk             |       |     8 |    11 |     4 ||    23
       Ration            |       |       |     1 |       ||     1
Armor: Scale mail        |    50 |    28 |       |       ||    78
       Plate armour      |       |    91 |   236 |    21 ||   348
Dodge: Dodged            |    25 |    28 |   121 |    20 ||   194
Block: Shield            |    59 |    95 |   298 |    38 ||   490
       Rpst.: Long sword |     5 |     3 |    27 |     6 ||    41

Table legend:
 A = Non-vault XP
 B = Vault XP
 C = Vault XP percentage of total XP
 D = Non-vault monster count
 E = Vault monster count
 F = Vault count percentage of total count
                 A         B        C        D         E       F
            +---------+---------+-------+---------+---------+-------
      Total |    5028 |    3748 |  42.7 |     160 |      48 |  23.1
            +---------+---------+-------+---------+---------+-------
        D:1 |      44 |       0 |   0.0 |      21 |       0 |   0.0
        D:2 |     195 |      72 |  27.0 |      33 |       2 |   5.7
        D:3 |      69 |       2 |   2.8 |      15 |       1 |   6.2
        D:4 |     147 |       0 |   0.0 |       7 |       0 |   0.0
        D:5 |     372 |       0 |   0.0 |       6 |       0 |   0.0
        D:6 |     341 |      90 |  20.9 |       9 |       1 |  10.0
        D:7 |     812 |       0 |   0.0 |      26 |       0 |   0.0
        D:8 |     287 |       0 |   0.0 |       7 |       0 |   0.0
        D:9 |    2761 |    2376 |  46.3 |      36 |      14 |  28.0
     Bailey |       0 |    1208 | 100.0 |       0 |      30 | 100.0
            +---------+---------+-------+---------+---------+-------
